 Dungeon Crawl Stone Soup version 0.24.0-123-gd5b16e6ec5 (webtiles) character file.

Game seed: 528350525900443100, levelgen mode: deterministic

87234 Ink4 the Thaumaturge (level 15, -9/115 HPs)
             Began as a Gnoll Wizard on Jan 22, 2020.
             Was a High Priest of Ashenzari.
             Mangled by a shambling mangrove (13 damage)
             ... on level 2 of the Swamp on Jan 23, 2020.
             The game lasted 01:48:21 (28614 turns).

Ink4 the Thaumaturge (Gnoll Wizard)                Turns: 28614, Time: 01:48:22

Health: -9/115     AC: 13    Str: 10    XL:     15   Next: 89%
Magic:  26/31      EV: 16    Int: 30    God:    Ashenzari [*****.]
Gold:   2397       SH: 14    Dex: 16    Spells: 19/38 levels left

rFire    . . .     SeeInvis +   g - +5 broad axe (vamp) (curse)
rCold    . . .     Gourm    .   C - +2 shield "Susheju" {rPois rN++ MR- SInv} (curse)
rNeg     + + .     Faith    .   R - +3 leather armour of the Moneychanger {rF- MR+ Regen+ Int+6}
rPois    +         Spirit   .   e - +2 helmet
rElec    .         Reflect  .   F - +1 cloak
rCorr    .         Harm     .   (no gloves)
MR       ++...     Clarity  +   (no boots)
Stlth    +++++.....             p - amulet of the acrobat (curse)
HPRegen  0.69/turn              I - ring of protection from magic
MPRegen  0.22/turn              O - ring of protection from fire

@: grasped by roots, constricted
A: distributed training, fangs 1, strong nose
a: Curse Item, Scrying, Renounce Religion


You were on level 2 of the Swamp.
You worshipped Ashenzari.
Ashenzari was extremely pleased with you.
You were near starving.

You visited 5 branches of the dungeon, and saw 23 of its levels.

You collected 2579 gold pieces.
You spent 182 gold pieces at shops.

Inventory:

Hand Weapons
 b - a +0 hunting sling
 g - a cursed +5 vampiric broad axe (weapon)
Missiles
 h - 26 sling bullets
Armour
 e - a +2 helmet (worn)
 C - the cursed +2 shield "Susheju" (worn) {rPois rN++ MR- SInv}
   (You found it on level 4 of the Dungeon)

   It protects you from poison.
   It greatly protects you from negative energy.
   It affects your resistance to hostile enchantments.
   It lets you see invisible.
   It has a curse placed upon it.
 F - a +1 cloak (worn)
 R - the +3 leather armour of the Moneychanger (worn) {rF- MR+ Regen+ Int+6}
   (You found it on level 12 of the Dungeon)

   It affects your intelligence (+6).
   It makes you vulnerable to fire.
   It affects your resistance to hostile enchantments.
   It increases your rate of regeneration.
Jewellery
 p - a cursed amulet of the acrobat (around neck)
 I - a ring of protection from magic (left hand)
 L - an uncursed ring of wizardry
 O - a ring of protection from fire (right hand)
Wands
 a - a wand of scattershot (2)
 n - a wand of disintegration (7)
 s - a wand of paralysis (6)
 D - a wand of flame (8)
 H - a wand of polymorph (9)
Scrolls
 c - 11 scrolls of magic mapping
 f - 8 scrolls of identify
 i - 4 scrolls of enchant armour
 j - 5 scrolls of remove curse
 k - 3 scrolls of amnesia
 l - 7 scrolls of teleportation
 y - 3 scrolls of blinking
 E - 5 scrolls of fear
 K - a scroll of brand weapon
 N - a scroll of summoning
Potions
 m - 4 potions of brilliance
 o - a potion of lignification
 q - a potion of magic {unknown}
 r - 5 potions of curing
 t - 3 potions of resistance
 u - 3 potions of mutation
 v - a potion of might
 w - 2 potions of agility
 x - 3 potions of flight
 A - 3 potions of haste
 G - a potion of degeneration {unknown}
 J - 2 potions of ambrosia
 M - 3 potions of berserk rage
 P - a potion of heal wounds
Miscellaneous
 z - a phantom mirror
 Q - a lamp of fire (inert)
Comestibles
 d - 30 rations


   Skills:
 + Level 10.1 Fighting
 + Level 10.1 Short Blades
 + Level 10.1 Long Blades
 + Level 10.1(13.8) Axes
 + Level 10.1 Maces & Flails
 + Level 10.1 Polearms
 + Level 10.1 Staves
 + Level 10.1 Slings
 + Level 10.1 Bows
 + Level 10.1 Crossbows
 + Level 10.1 Throwing
 + Level 10.1 Armour
 + Level 11.0 Dodging
 + Level 10.8 Stealth
 + Level 10.1(12.5) Shields
 + Level 10.1 Unarmed Combat
 + Level 12.1 Spellcasting
 + Level 8.8 Conjurations
 + Level 8.5 Hexes
 + Level 8.5 Charms
 + Level 8.8 Summonings
 + Level 8.5 Necromancy
 + Level 8.8 Translocations
 + Level 8.5 Transmutations
 + Level 8.5 Fire Magic
 + Level 8.5 Ice Magic
 + Level 8.5 Air Magic
 + Level 8.5 Earth Magic
 + Level 8.5 Poison Magic
 + Level 10.9 Invocations
 + Level 10.1 Evocations


You had 19 spell levels left.
You knew the following spells:

 Your Spells              Type           Power        Failure   Level  Hunger
a - Magic Dart            Conj           ####         1%          1    None
b - Call Imp              Summ           ######..     1%          2    None
c - Spectral Weapon       Hex/Chrm       ######..     1%          3    None
e - Conjure Flame         Conj/Fire      ######..     1%          3    None
f - Mephitic Cloud        Conj/Pois/Air  ######..     1%          3    None
i - Blink                 Tloc           N/A          1%          2    None
k - Shroud of Golubria    Chrm/Tloc      ######       1%          2    None
l - Regeneration          Chrm/Necr      ######....   1%          3    None

Your spell library contained the following spells:

 Spells                   Type           Power        Failure   Level  Hunger
 Infusion                 Chrm           ####         1%          1    None
 Slow                     Hex            ######..     1%          2    None
 Song of Slaying          Chrm           ######..     1%          2    None


Dungeon Overview and Level Annotations

Branches:
Dungeon (12/15)            Temple (1/1) D:6            Lair (6/6) D:10
  Swamp (2/4) Lair:3       Spider (0/4) Lair:4        Slime (0/5) Lair:6
    Orc (2/2) D:9             Elf (0/3) Orc:2

Altars:
Ashenzari
Cheibriados
Dithmenos
Elyvilon
Fedhas
Gozag
Hepliaklqana
Kikubaaqudgha
Makhleb
Nemelex Xobeh
Okawaru
Qazlal
Ru
Sif Muna
Trog
Uskayaw
Vehumet
Wu Jian
Xom
Yredelemnul
Zin
The Shining One
Jiyva

Shops:
D:4 (   D:9 }   Orc:2 *=[[

Annotations:
D:9 3 runed translucent doors
D:10 exclusion: 2 oklob plants
Lair:2 Nergalle


Innate Abilities, Weirdness & Mutations

Your experience applies equally to all skills.
You have very sharp teeth.
Your uncanny sense of smell can sniff out nearby items.


Message History

You hit the shambling mangrove.
You bite the shambling mangrove, but do no damage.
The shambling mangrove is almost destroyed.
Your spectral weapon fades away.
Casting: Spectral Weapon (safe; 1% risk of failure)
Confirm with . or Enter, or press ? or * to list all spells.
You escape the roots' grasp.
You blink.
Roots burst forth from the earth!
The grasping roots grab you!
* * * LOW HITPOINT WARNING * * *
The grasping roots constrict you.
Found a +1 dagger of freezing.
You feel much better.
* * * LOW HITPOINT WARNING * * *
The grasping roots constrict you!
Casting: Blink (safe; 1% risk of failure)
Confirm with . or Enter, or press ? or * to list all spells.
The roots' grasp on you weakens, but your attempt to escape fails.
The shambling mangrove hits you.
* * * LOW HITPOINT WARNING * * *
You die...

* * ** ***
*♣♣♣♣♣. ≈,, , ,
,* ♣♣♣♣♣♣..).≈♣
* , ≈ , ,,≈,≈
.♣♣
♣♣.♣..?....≈≈
,*, ≈≈ ,* ≈
≈.≈.♣♣≈≈≈≈≈≈≈≈§
*** ** ≈≈≈
.≈..≈≈≈.♣≈.≈♣**
* *
.≈≈≈≈.≈....♣*
*..♣≈≈....@♣
♣..≈≈≈≈.f♣♣
♣.≈≈≈≈.♣♣
♣♣.≈≈.♣§.♣♣
♣..≈≈.≈≈..♣
♣≈≈≈♣≈≈≈..♣♣
♣.≈≈≈♣≈♣♣..♣♣
♣≈≈≈...♣♣♣..♣
.≈≈.≈≈.♣..≈.♣♣
*


You could see a shambling mangrove.

Vanquished Creatures
  Donald (Orc:1)
  An ettin (Orc:1)
  Erolcha (D:12)
  A ghost crab (Swamp:2)
  4 hydras
  3 two-headed ogres
  3 alligators (Swamp:1)
  9 death yaks
  3 orc high priests (Orc:2)
  Sonja (Orc:1)
  A swamp dragon (Swamp:1)
  An unseen horror (D:10)
  A lindwurm (Lair:4)
  4 orc knights
  3 orc sorcerers (Orc:2)
  An ugly thing (D:12)
  A cyclops (D:12)
  10 elephants
  5 black mambas
  2 centaur zombies
  12 spiny frogs
  Maurice (Orc:1)
  A rime drake (Lair:6)
  14 komodo dragons
  7 trolls
  4 polar bears
  4 blink frogs (Lair:1)
  2 bog bodies (Swamp:1)
  10 hippogriffs
  A tyrant leech (Swamp:1)
  7 hornets
  8 dream sheep
  3 slime creatures
  A shadow (D:12)
  10 spriggans (Lair:6)
  2 wyverns
  39 yaks
  2 basilisks
  A hungry ghost (D:12)
  4 vampire mosquitoes (Swamp:2)
  2 wargs (Orc:2)
  7 swamp worms
  4 insubstantial wisps (Swamp:1)
  14 water moccasins
  4 swamp drakes
  11 porcupines
  20 orc warriors
  An eye of draining (D:9)
  4 black bears (Lair:6)
  3 ice beasts
  5 sky beasts
  35 wolves
  2 necrophages
  4 boggarts (Lair:6)
  20 ogres
  17 centaurs
  15 crocodiles
  A big kobold (D:8)
  7 bullfrogs
  2 scorpions
  5 wights (D:10)
  5 howler monkeys
  An electric eel (D:11)
  A bullfrog zombie (D:11)
  9 crimson imps
  10 hounds
  5 iguanas
  3 jellies
  13 orc priests
  2 bullfrog skeletons
  Terence (D:2)
  3 centaur skeletons
  A gnoll shaman (D:6)
  18 orc wizards
  Natasha (D:2)
  6 worker ants
  2 hound skeletons
  8 gnolls
  5 adders
  A shadow imp (D:11)
  A worm (D:3)
  7 leopard geckos
  70 orcs
  4 bats
  4 giant cockroaches
  2 goblins
  6 hobgoblins
  11 jackals
  4 quokkas
  2 ball pythons (D:3)
  7 frilled lizards
  A jackal zombie (D:8)
  9 kobolds
  A leopard gecko zombie (D:6)
  2 quokka skeletons
  5 rats
  3 fungi
  4 plants
610 creatures vanquished.

Vanquished Creatures (collateral kills)
  Gastronok (Lair:2)
  A polar bear (Lair:3)
  2 spriggans (Lair:6)
  A boggart (Lair:6)
  An eye of draining (D:9)
  Natasha (twice) (D:2)
  3 gnolls (D:2)
11 creatures vanquished.

Vanquished Creatures (others)
  An orc priest (Orc:2)
  An orc wizard (Orc:2)
  19 fungi
  5 plants
26 creatures vanquished.

Grand Total: 647 creatures vanquished

Notes
Turn   | Place    | Note
-------+----------+-------------------------------------------
     0 | D:1      | Ink4 the Gnoll Wizard began the quest for the Orb.
     0 | D:1      | Reached XP level 1. HP: 13/13 MP: 8/8
   167 | D:1      | You fall into a shaft and drop 1 floor!
   182 | D:1      | Reached XP level 2. HP: 17/20 MP: 3/10
   186 | D:1      | Learned a level 2 spell: Call Imp
   189 | D:1      | Learned a level 2 spell: Blink
   628 | D:1      | Reached XP level 3. HP: 25/25 MP: 4/11
   633 | D:1      | Learned a level 3 spell: Conjure Flame
   637 | D:1      | Learned a level 3 spell: Mephitic Cloud
   860 | D:1      | You fall into a shaft and drop 1 floor!
  1099 | D:2      | Noticed Terence
  1126 | D:2      | Killed Terence
  1126 | D:2      | Reached skill level 1 in Invocations
  1186 | D:2      | Reached skill level 1 in Fighting
  1186 | D:2      | Reached skill level 1 in Short Blades
  1186 | D:2      | Reached skill level 1 in Long Blades
  1186 | D:2      | Reached skill level 1 in Axes
  1186 | D:2      | Reached skill level 1 in Maces & Flails
  1186 | D:2      | Reached skill level 1 in Polearms
  1186 | D:2      | Reached skill level 1 in Staves
  1186 | D:2      | Reached skill level 1 in Slings
  1186 | D:2      | Reached skill level 1 in Bows
  1186 | D:2      | Reached skill level 1 in Crossbows
  1186 | D:2      | Reached skill level 1 in Throwing
  1186 | D:2      | Reached skill level 1 in Armour
  1186 | D:2      | Reached skill level 1 in Shields
  1186 | D:2      | Reached skill level 1 in Unarmed Combat
  1186 | D:2      | Reached skill level 1 in Evocations
  1301 | D:2      | Reached XP level 4. HP: 31/32 MP: 8/13
  1817 | D:2      | Noticed Natasha
  1822 | D:2      | Killed Natasha
  1822 | D:2      | Reached skill level 1 in Hexes
  1822 | D:2      | Reached skill level 1 in Charms
  1822 | D:2      | Reached skill level 1 in Necromancy
  1822 | D:2      | Reached skill level 1 in Transmutations
  1822 | D:2      | Reached skill level 1 in Fire Magic
  1822 | D:2      | Reached skill level 1 in Ice Magic
  1822 | D:2      | Reached skill level 1 in Air Magic
  1822 | D:2      | Reached skill level 1 in Earth Magic
  1822 | D:2      | Reached skill level 1 in Poison Magic
  1869 | D:2      | Found a basalt altar of Yredelemnul.
  1903 | D:2      | Noticed Natasha
  1909 | D:2      | Killed Natasha
  1909 | D:2      | Reached XP level 5. HP: 28/37 MP: 12/14
  1983 | D:2      | Noticed Natasha
  1993 | D:2      | Killed Natasha
  2189 | D:2      | Found a sacrificial altar of Ru.
  2269 | D:3      | Reached skill level 8 in Spellcasting
  2269 | D:3      | Reached XP level 6. HP: 49/49 MP: 14/17
  3159 | D:4      | Found Ysawexuf's Antique Weapon Emporium.
  3212 | D:4      | Reached skill level 5 in Invocations
  3212 | D:4      | Reached XP level 7. HP: 55/55 MP: 11/19
  3415 | D:4      | Got a warped shield
  3420 | D:4      | Identified the +2 shield "Susheju" {rPois rN++ MR- SInv}
                  | (You found it on level 4 of the Dungeon)
  4195 | D:5      | Entered Level 5 of the Dungeon
  4541 | D:5      | Reached XP level 8. HP: 61/61 MP: 17/20
  4756 | D:5      | Found a hide-covered altar of Uskayaw.
  5546 | D:6      | Reached skill level 5 in Fighting
  5546 | D:6      | Reached skill level 5 in Short Blades
  5546 | D:6      | Reached skill level 5 in Long Blades
  5546 | D:6      | Reached skill level 5 in Axes
  5546 | D:6      | Reached skill level 5 in Maces & Flails
  5546 | D:6      | Reached skill level 5 in Polearms
  5546 | D:6      | Reached skill level 5 in Staves
  5546 | D:6      | Reached skill level 5 in Slings
  5546 | D:6      | Reached skill level 5 in Bows
  5546 | D:6      | Reached skill level 5 in Crossbows
  5546 | D:6      | Reached skill level 5 in Throwing
  5546 | D:6      | Reached skill level 5 in Armour
  5546 | D:6      | Reached skill level 5 in Shields
  5546 | D:6      | Reached skill level 5 in Unarmed Combat
  5546 | D:6      | Reached skill level 5 in Evocations
  5784 | D:6      | Reached XP level 9. HP: 68/68 MP: 16/21
  5981 | D:6      | Found a shadowy altar of Dithmenos.
  6207 | D:6      | Found a staircase to the Ecumenical Temple.
  6216 | Temple   | Entered the Ecumenical Temple
  6425 | Temple   | Became a worshipper of Ashenzari the Shackled
  6596 | D:7      | Found a bloodstained altar of Trog.
  6596 | D:7      | Found a blossoming altar of Fedhas.
  7124 | D:7      | Reached skill level 9 in Spellcasting
  7277 | D:7      | Got the spear of the Unliving {vamp, Str+5}
  7277 | D:7      | Identified the +6 spear of the Unliving {vamp, Str+5} (You
                  | found it on level 7 of the Dungeon)
  7411 | D:7      | Found a shimmering altar of Xom.
  7703 | D:8      | Reached skill level 5 in Conjurations
  7703 | D:8      | Reached skill level 5 in Summonings
  7703 | D:8      | Reached skill level 5 in Translocations
  7868 | D:8      | Reached * piety under Ashenzari
  8360 | D:8      | Reached XP level 10. HP: 74/74 MP: 10/23
  9007 | D:9      | Found a staircase to the Orcish Mines.
  9050 | D:9      | Found an ancient bone altar of Kikubaaqudgha.
  9542 | D:9      | Found Axyriwa's Gadget Shop.
  9588 | D:9      | Reached skill level 5 in Hexes
  9588 | D:9      | Reached skill level 5 in Charms
  9588 | D:9      | Reached skill level 5 in Necromancy
  9588 | D:9      | Reached skill level 5 in Transmutations
  9588 | D:9      | Reached skill level 5 in Fire Magic
  9588 | D:9      | Reached skill level 5 in Ice Magic
  9588 | D:9      | Reached skill level 5 in Air Magic
  9588 | D:9      | Reached skill level 5 in Earth Magic
  9588 | D:9      | Reached skill level 5 in Poison Magic
  9674 | D:9      | Found a runed translucent gate.
  9674 | D:9      | Found a runed translucent gate.
  9674 | D:9      | Found a runed translucent gate.
  9675 | D:9      | Noticed a purple ugly thing
  9676 | D:9      | Noticed a cyan ugly thing
  9677 | D:9      | Noticed a purple ugly thing
  9677 | D:9      | Noticed a green ugly thing
  9677 | D:9      | Noticed a red ugly thing
  9678 | D:9      | Noticed a green ugly thing
  9699 | D:9      | Found an opulent altar of Gozag.
  9959 | D:10     | Entered Level 10 of the Dungeon
  9959 | D:10     | Noticed a gargoyle
  9970 | D:10     | Noticed an unseen horror
 10163 | D:10     | Reached XP level 11. HP: 62/81 MP: 24/24
 10203 | D:10     | Noticed an oklob plant
 10203 | D:10     | Noticed an oklob plant
 10463 | D:10     | Reached ** piety under Ashenzari
 10747 | D:10     | Found an ornate altar of the Wu Jian Council.
 10976 | D:10     | Noticed a two-headed ogre
 11006 | D:10     | Killed a two-headed ogre
 11286 | D:10     | Killed an unseen horror
 11308 | D:10     | Found a shadowy altar of Dithmenos.
 11729 | D:10     | Found a staircase to the Lair.
 12621 | D:11     | Found a stormy altar of Qazlal.
 12626 | D:11     | Reached skill level 10 in Spellcasting
 13930 | Lair:1   | Entered Level 1 of the Lair of Beasts
 13954 | Lair:1   | Reached XP level 12. HP: 91/91 MP: 13/26
 14540 | Lair:1   | Reached *** piety under Ashenzari
 15445 | Lair:2   | Noticed a seven-headed hydra
 15460 | Lair:2   | Killed a seven-headed hydra
 15614 | Lair:2   | Noticed Gastronok
 15915 | Lair:2   | Noticed Nergalle
 16134 | D:4      | Bought a glowing broad axe for 182 gold pieces
 17265 | Lair:3   | Reached XP level 13. HP: 83/98 MP: 16/27
 17322 | Lair:3   | Reached XP level 14. HP: 106/106 MP: 28/28
 17394 | Lair:3   | Found a staircase to the Swamp.
 17503 | Lair:3   | Reached **** piety under Ashenzari
 18140 | Lair:4   | Reached skill level 11 in Spellcasting
 18255 | Lair:4   | Found a hole to the Spider Nest.
 19692 | Lair:5   | Found a glowing silver altar of Zin.
 20073 | Lair:6   | Entered Level 6 of the Lair of Beasts
 20084 | Lair:6   | Reached skill level 10 in Dodging
 20902 | Lair:6   | Reached skill level 10 in Stealth
 21435 | Lair:6   | Reached ***** piety under Ashenzari
 21645 | Lair:6   | Found a staircase to the Slime Pits.
 21645 | Lair:6   | Found a viscous altar of Jiyva.
 21684 | Lair:6   | Reached skill level 10 in Invocations
 22658 | Lair:6   | Reached XP level 15. HP: 92/113 MP: 30/30
 23828 | Orc:1    | Entered Level 1 of the Orcish Mines
 23836 | Orc:1    | Noticed Sonja
 23845 | Orc:1    | Killed Sonja
 23925 | Orc:1    | Noticed Maurice
 23938 | Orc:1    | Killed Maurice
 24402 | Orc:2    | Entered Level 2 of the Orcish Mines
 24427 | Orc:2    | Noticed Donald
 24494 | Orc:1    | Killed Donald
 24928 | Orc:2    | Paralysed by an orc sorcerer for 5 turns
 25258 | Orc:2    | Found Apait's Armour Emporium.
 25258 | Orc:2    | Found Okhle's Armour Shop.
 25781 | Orc:2    | Found Eneaso's General Store.
 25781 | Orc:2    | Found Lebyar's Jewellery Shop.
 25882 | Orc:2    | Found a staircase to the Elven Halls.
 26582 | D:12     | Noticed Erolcha
 26590 | D:12     | Killed Erolcha
 27143 | D:12     | Got the uncursed leather armour of the Moneychanger {rF-
                  | MR+ Regen+ Int+6}
 27153 | D:12     | Identified the +3 leather armour of the Moneychanger {rF-
                  | MR+ Regen+ Int+6} (You found it on level 12 of the Dungeon)
 27457 | Lair:2   | Killed Gastronok
 27489 | Swamp:1  | Entered Level 1 of the Swamp
 27686 | Swamp:1  | Reached skill level 12 in Spellcasting
 27759 | Swamp:1  | Reached skill level 10 in Fighting
 27759 | Swamp:1  | Reached skill level 10 in Short Blades
 27759 | Swamp:1  | Reached skill level 10 in Long Blades
 27759 | Swamp:1  | Reached skill level 10 in Axes
 27759 | Swamp:1  | Reached skill level 10 in Maces & Flails
 27759 | Swamp:1  | Reached skill level 10 in Polearms
 27759 | Swamp:1  | Reached skill level 10 in Staves
 27759 | Swamp:1  | Reached skill level 10 in Slings
 27759 | Swamp:1  | Reached skill level 10 in Bows
 27759 | Swamp:1  | Reached skill level 10 in Crossbows
 27759 | Swamp:1  | Reached skill level 10 in Throwing
 27759 | Swamp:1  | Reached skill level 10 in Armour
 27759 | Swamp:1  | Reached skill level 10 in Shields
 27759 | Swamp:1  | Reached skill level 10 in Unarmed Combat
 27759 | Swamp:1  | Reached skill level 10 in Evocations
 28061 | Swamp:1  | Learned a level 3 spell: Regeneration
 28065 | Swamp:1  | Learned a level 3 spell: Spectral Weapon
 28068 | Swamp:1  | Learned a level 2 spell: Shroud of Golubria
 28612 | Swamp:2  | HP: 5/115 [shambling mangrove (5)]
 28614 | Swamp:2  | Mangled by a shambling mangrove

Levels and vault maps discovered:
D:1:      dpeg_arrival_solitude, layout_basic, minmay_misc_feat_chi
D:2:      layout_basic, nicolae_ru_path_of_blood, marbit_many_paths,
          first_ration, uniq_terence, uniq_natasha
D:3:      layout_basic
D:4:      layout_cave_pods, serial_shops, shop, kennysheep_boxes
D:5:      layout_loops_ring, nicolae_overflow_crystal_walls
D:6:      layout_loops_ring, nicolae_dithmenos_the_darkroom, temple_hall
D:7:      layout_cave_pools, gammafunk_temple_overflow_elements, basic_altar,
          minmay_diced_spiral
D:8:      layout_loops_cross, bh_chokoban, grunt_ogre_cave, roderic_lattice_a,
          minmay_fractal_squares_gapless_5
D:9:      layout_basic, kiku_gazebo_garden_becter, serial_shops,
          kennysheep_mini, ploomutoo_gammafunk_ghost_potion_laboratory,
          kennysheep_nondescript, grunt_gozag_statues
D:10:     layout_roguey, dpeg_oklobed_lair, basic_altar, lemuel_tele_altar
D:11:     layout_roguey [special_room_orc], basic_altar, fungi_pond_lemuel
D:12:     layout_gridville, small_chamber_with_monster, drop_trap, uniq_erolcha
Temple:   regret_index_temple_generic_petals
Lair:1:   layout_gridlike, infiniplex_staircase_pool_2
Lair:2:   layout_regular_city, uniq_gastronok, uniq_nergalle
Lair:3:   wander_river, layout_hall_layers, swamp_mist
Lair:4:   layout_small_grid, spider_nest_entry_web_field
Lair:5:   layout_roguey, basic_altar, beast_lair_carwin_6
Lair:6:   minmay_lair_end_enchanted_forest, layout_hall_layers, slime_altar_1,
          chequers_serial_rivers_micro_d, serial_bayou_shore_b
Swamp:1:  layout_falls_marsh, evilmike_swamp_ruin_rubble_1
Swamp:2:  layout_falls_marsh, nicolae_swamp_round_clearing, swamp_pool1,
          nicolae_swamp_feature_on_the_river_bank
Orc:1:    layout_diamond_mine, uniq_maurice, uniq_sonja
Orc:2:    grunt_orc_tribal_feast, layout_caves, uniq_donald

Skill      XL: |  1  2  3  4  5  6  7  8  9 10 11 12 13 14 15 |
---------------+----------------------------------------------+-----
Conjurations   | 2 4 5 6 7 8 |  8.8
Summonings     | 2 4 5 6 7 8 |  8.8
Translocations | 2 4 5 6 7 8 |  8.8
Invocations    | 1 4 5 6 7 8 9 10 | 10.9
Fighting       | 1 4 5 6 7 8 9 10 | 10.1
Short Blades   | 1 4 5 6 7 8 9 10 | 10.1
Long Blades    | 1 4 5 6 7 8 9 10 | 10.1
Axes           | 1 4 5 6 7 8 9 10 | 10.1
Maces & Flails | 1 4 5 6 7 8 9 10 | 10.1
Polearms       | 1 4 5 6 7 8 9 10 | 10.1
Staves         | 1 4 5 6 7 8 9 10 | 10.1
Slings         | 1 4 5 6 7 8 9 10 | 10.1
Bows           | 1 4 5 6 7 8 9 10 | 10.1
Crossbows      | 1 4 5 6 7 8 9 10 | 10.1
Throwing       | 1 4 5 6 7 8 9 10 | 10.1
Armour         | 1 4 5 6 7 8 9 10 | 10.1
Shields        | 1 4 5 6 7 8 9 10 | 10.1
Unarmed Combat | 1 4 5 6 7 8 9 10 | 10.1
Evocations     | 1 4 5 6 7 8 9 10 | 10.1
Hexes          | 1 3 4 5 6 7 8 |  8.5
Charms         | 1 3 4 5 6 7 8 |  8.5
Necromancy     | 1 3 4 5 6 7 8 |  8.5
Transmutations | 1 3 4 5 6 7 8 |  8.5
Fire Magic     | 1 3 4 5 6 7 8 |  8.5
Ice Magic      | 1 3 4 5 6 7 8 |  8.5
Air Magic      | 1 3 4 5 6 7 8 |  8.5
Earth Magic    | 1 3 4 5 6 7 8 |  8.5
Poison Magic   | 1 3 4 5 6 7 8 |  8.5
Dodging        | 6 7 8 9 10 11 | 11.0
Stealth        | 6 7 8 9 10 | 10.8
Spellcasting   | 8 9 10 11 12 | 12.1

Action                   |  1- 3 |  4- 6 |  7- 9 | 10-12 | 13-15 || total
-------------------------+-------+-------+-------+-------+-------++-------
Melee: Whip              |    11 |    26 |    86 |       |       ||   123
       Bite              |     1 |     5 |    11 |    81 |   115 ||   213
       Punch             |       |     1 |       |       |       ||     1
       Spear             |       |       |    78 |   596 |       ||   674
       Broad axe         |       |       |       |   108 |  1078 ||  1186
 Cast: Magic Dart        |    55 |    68 |   228 |   249 |   153 ||   753
       Call Imp          |     2 |     7 |       |    13 |     9 ||    31
       Mephitic Cloud    |     1 |     3 |    29 |    43 |    98 ||   174
       Conjure Flame     |       |       |    18 |    58 |    34 ||   110
       Blink             |       |       |     2 |     6 |    19 ||    27
       Spectral Weapon   |       |       |       |       |     3 ||     3
       Regeneration      |       |       |       |       |     1 ||     1
       Shroud of Golubri |       |       |       |       |     1 ||     1
Invok: Curse Item        |       |       |     2 |       |     2 ||     4
Evoke: Wand              |       |       |       |    26 |    10 ||    36
       Box of beasts     |       |       |       |     1 |       ||     1
       Lamp of fire      |       |       |       |       |     1 ||     1
       Sack of spiders   |       |       |       |       |     1 ||     1
  Use: Scroll            |       |     4 |       |    23 |     4 ||    31
       Potion            |       |     1 |       |     4 |     4 ||     9
 Stab: Sleeping          |       |     1 |     1 |     6 |    10 ||    18
       Confused          |       |       |    13 |    34 |    88 ||   135
       Distracted        |       |       |       |     1 |     6 ||     7
  Eat: Chunk             |     1 |     5 |    10 |    25 |    29 ||    70
       Ration            |       |       |     2 |     1 |     3 ||     6
Armor: Robe              |     2 |     2 |     5 |       |       ||     9
       Leather armour    |       |       |    13 |    43 |    36 ||    92
       Scale mail        |       |       |       |       |   146 ||   146
Dodge: Dodged            |     8 |    21 |    47 |   237 |   465 ||   778
Block: Shield            |       |       |    49 |   260 |   657 ||   966
